 Dungeon Crawl Stone Soup version 0.24-a0-201-gf205589 (console) character file.

Game seed: 2134226617901329539

601 Voker57 the Slasher (level 7, -2/54 HPs)
             Began as a Demonspawn Gladiator on Mar 22, 2019.
             Killed by divine providence
             ... invoked by an orc priest
              (13 damage)
             ... on level 4 of the Dungeon.
             The game lasted 00:03:31 (3806 turns).

Voker57 the Slasher (Demonspawn Gladiator)          Turns: 3806, Time: 00:03:31

Health: -2/54      AC:  8    Str: 14    XL:     7   Next: 18%
Magic:  0/7        EV: 14    Int: 10    God:
Gold:   245        SH:  0    Dex: 16    Spells: 6/6 levels left

rFire    . . .     SeeInvis .   a - +0 long sword
rCold    . . .     Gourm    .   (no shield)
rNeg     . . .     Faith    .   b - +0 leather armour
rPois    .         Spirit   +   c - +0 helmet
rElec    .         Reflect  .   h - scarf {Spirit}
rCorr    .         Harm     .   (no gloves)
MR       .....                  (no boots)
Stlth    +.........             (no amulet)
HPRegen  0.18/turn              (no ring)
MPRegen  0.10/turn              (no ring)

@: no status effects
A: hooves 2, iridescent scales 2, powered by death 1
a: no special abilities


You were on level 4 of the Dungeon.
You were not hungry.

You visited 1 branch of the dungeon, and saw 4 of its levels.

You collected 245 gold pieces.

Inventory:

Hand Weapons
 a - a +0 long sword (weapon)
Missiles
 t - 3 throwing nets (quivered)
Armour
 b - a +0 leather armour (worn)
 c - a +0 helmet (worn)
 h - a scarf of spirit shield (worn)
Scrolls
 e - a scroll of magic mapping
 j - 3 scrolls of identify
 k - 3 scrolls of remove curse
 l - a scroll of random uselessness {unknown}
 n - a scroll of teleportation {unknown}
 p - a scroll of amnesia {unknown}
Potions
 d - a potion of mutation {unknown}
 g - a potion of agility {unknown}
 i - 2 potions of haste {unknown}
 m - a potion of lignification {unknown}
 o - a potion of cancellation {unknown}
 q - a potion of flight {unknown}
 r - a potion of invisibility {unknown}
 s - a potion of curing {unknown}
Comestibles
 f - 8 rations
 u - a chunk of flesh


   Skills:
 + Level 4.2 Fighting
 * Level 5.7 Long Blades
 - Level 1.7 Throwing
 + Level 4.4 Dodging


You had 6 spell levels left.
You didn't know any spells.
Your spell library was empty.

Dungeon Overview and Level Annotations

Branches:
Dungeon (4/15)
 Temple: D:4-7

Altars:
Elyvilon
Ru
Sif Muna
Trog
Yredelemnul
The Shining One

Annotations:
D:4 1 runed translucent door


Innate Abilities, Weirdness & Mutations

You have hoof-like feet.
You are mostly covered in iridescent scales. (AC +4)
You regenerate a little health from kills.


Message History

You barely miss the orc priest. Your kick misses the orc priest.
The orc priest invokes the aid of Beogh against you.
Beogh smites you!
The orc priest hits you from afar with a +0 trident!
* * * LOW HITPOINT WARNING * * *
As you read the scroll labeled ALOTEU FIZU, it crumbles to dust.
You feel aware of your surroundings.
It was a scroll of magic mapping.
The orc priest looks satisfied for a moment.
The orc priest hits you but does no damage.
The orc wizard hits you with a +0 dagger.
* * * LOW HITPOINT WARNING * * *
As you read the scroll labeled NAUFUV ASEKK, it crumbles to dust.
It is a scroll of identify.
k - 3 scrolls of remove curse The orc hits you with a +0 club.
* * * LOW HITPOINT WARNING * * *
The orc wizard hits you but does no damage.
The orc priest calls down the wrath of Beogh upon you.
Beogh smites you!
You die...

.......#.#.#.#.##......#≈# #.....
......,#.#.#.#.##..##..#≈#**,,,,,
#####+**,#.#.####......#≈##,,,,,,
* *,**,#.#.####..#####S###.,*,,
*****,**,..............#+#...,,,,
,,,,,,,,,....####..##......#,,*,,
********,*,#.......).........,,,,
,,,,,,,,,,,*.####..####.####.,*,,
***,****,#.#.####..####.#***,,*,,
***,****,.....oo@........*,,,,,,,
,,,,,,,,,......o.o.####.##**,,*,,
***,****,....#####.# *,* *,,*,, *
*,* **#.#,****#.#***,****,,,,, *
*,* #,,,,,,,...,,,,,,,,,,*,* *
*,* *,*,****#.##**********,* *
*,* *,*,* *.# *,, ***,******,***
*,************** ,,,,,,,,,,,*
*,,,,,,,,,,,,,,, ***,******,*
*,**************


You could see 2 orc priests, an orc wizard and an orc.

Vanquished Creatures
  Eustachio (D:4)
  A phantom (D:4)
  An ogre (D:4)
  A scorpion (D:4)
  An orc wizard (D:4)
  2 worker ants (D:4)
  A howler monkey zombie (D:2)
  4 adders (D:3)
  3 gnolls
  An ooze (D:1)
  An adder skeleton (D:4)
  5 worms
  2 dart slugs
  A leopard gecko (D:1)
  5 orcs (D:4)
  A ball python (D:3)
  2 giant cockroaches
  11 goblins
  3 hobgoblins
  9 jackals
  A quokka (D:4)
  6 bats
  5 frilled lizards
  5 kobolds
  2 leopard gecko skeletons (D:4)
  7 rats
82 creatures vanquished.

Notes
Turn   | Place    | Note
-------+----------+-------------------------------------------
     0 | D:1      | Voker57 the Demonspawn Gladiator began the quest for the
                  | Orb.
     0 | D:1      | Reached XP level 1. HP: 16/16 MP: 1/1
    54 | D:1      | Reached skill level 3 in Long Blades
    82 | D:1      | Gained mutation: You regenerate a little health from kills.
                  | [demonic ancestry]
    82 | D:1      | Reached XP level 2. HP: 22/22 MP: 2/2
   641 | D:1      | Gained mutation: You have large cloven feet. [demonic
                  | ancestry]
   641 | D:1      | Reached XP level 3. HP: 24/28 MP: 3/3
  1169 | D:2      | Found a sacrificial altar of Ru.
  1240 | D:2      | Found a deep blue altar of Sif Muna.
  1292 | D:2      | Found a white marble altar of Elyvilon.
  1442 | D:2      | Found a basalt altar of Yredelemnul.
  1730 | D:3      | Gained mutation: You are partially covered in iridescent
                  | scales. (AC +2) [demonic ancestry]
  1730 | D:3      | Reached XP level 4. HP: 34/34 MP: 4/4
  2062 | D:3      | Reached skill level 4 in Long Blades
  2264 | D:3      | Found a glowing golden altar of the Shining One.
  2722 | D:3      | Gained mutation: You have hoof-like feet. [demonic
                  | ancestry]
  2722 | D:3      | Reached XP level 5. HP: 19/41 MP: 0/5
  2904 | D:4      | Found a bloodstained altar of Trog.
  3015 | D:4      | Noticed a phantom
  3046 | D:4      | Killed a phantom
  3046 | D:4      | Gained mutation: You are mostly covered in iridescent
                  | scales. (AC +4) [demonic ancestry]
  3046 | D:4      | Reached XP level 6. HP: 35/47 MP: 6/6
  3071 | D:4      | Reached skill level 5 in Long Blades
  3202 | D:4      | Noticed Eustachio
  3234 | D:4      | Killed Eustachio
  3648 | D:4      | Reached XP level 7. HP: 50/54 MP: 5/7
  3772 | D:4      | Found a runed translucent door.
  3806 | D:4      | Killed from afar by an orc priest

Levels and vault maps discovered:
D:1:      dpeg_arrival_pits, layout_basic, minmay_pentomino_r4
D:2:      layout_rooms, kennysheep_ying_yang, lemuel_doored_altar,
          nicolae_ru_the_path_less_chosen
D:3:      layout_basic, first_ration, minmay_misc_feat_alley, tso_metal_star
D:4:      layout_basic, marbit_many_paths, ebering_ghost_sewer_d,
          uniq_eustachio, uniq_ijyb

Skill      XL: |  1  2  3  4  5  6 |
---------------+-------------------+-----
Long Blades    | 3 4 5 |  5.7
Dodging        | 3 4 |  4.4
Fighting       | 3 4 |  4.2
Throwing       | |  1.7

Action                   |  1- 3 |  4- 6 |  7- 9 || total
-------------------------+-------+-------+-------++-------
Melee: Long sword        |    91 |   147 |    12 ||   250
       Kick              |    18 |    54 |     4 ||    76
Throw: Throwing net      |       |     4 |       ||     4
  Use: Scroll            |       |       |     2 ||     2
 Stab: Sleeping          |       |     1 |       ||     1
       Held in net/web   |       |     1 |       ||     1
  Eat: Chunk             |     2 |     7 |     1 ||    10
Armor: Leather armour    |    40 |    49 |     5 ||    94
Dodge: Dodged            |    82 |   116 |     4 ||   202
       Rpst.: Long sword |    27 |    41 |     1 ||    69

Table legend:
 A = Non-vault XP
 B = Vault XP
 C = Vault XP percentage of total XP
 D = Non-vault monster count
 E = Vault monster count
 F = Vault count percentage of total count
                 A         B        C        D         E       F
            +---------+---------+-------+---------+---------+-------
      Total |     656 |     203 |  23.6 |      77 |       5 |   6.1
            +---------+---------+-------+---------+---------+-------
        D:1 |      37 |       4 |   9.8 |      19 |       3 |  13.6
        D:2 |      50 |       0 |   0.0 |      16 |       0 |   0.0
        D:3 |     110 |       0 |   0.0 |      21 |       0 |   0.0
        D:4 |     459 |     199 |  30.2 |      21 |       2 |   8.7
            +---------+---------+-------+---------+---------+-------
